AoeStats
← Stormbringer

Arabia

503282969Analyzed
2v2 RM · 2mo ago on Aug 31, 2026· 48m 52s· 4 players
Game mode
Random Map
Map size
Medium (4 player)
Population
200
Speed
Normal
Resources
Standard
Victory
Conquest
Starting age
Dark Age
Ending age
Imperial Age
RankedLock teamsTeams togetherTeam positionsShared explorationLock speedFull tech treeHidden civsTurbo modeCheats
Victory
Defeat
🇦🇷 Tatars · Argentina
987
+16
🇨🇱 Vietnamese · Chile
977
+16
vs
🇧🇬 Goths · Bulgaria
981
-16
🇵🇹 Khmer · Portugal
980
-16
Royal
6:41 Loom
10:33 Feudal Age
11:10 Double-Bit Axe
13:25 Horse Collar
14:43 Gold Mining
20:18 Castle Age
18:48 Scale Barding Armor
21:05 Forging
21:33 Bow Saw
21:36 Stone Mining
21:54 Heavy Plow
25:58 Chain Barding Armor
26:15 Iron Casting
27:49 Husbandry
31:01 Gold Shaft Mining
30:56 Light Cavalry
32:35 Wheelbarrow
34:14 Bloodlines
37:04 Tusk Swords
39:54 Imperial Age
41:36 Blast Furnace
41:38 Plate Barding Armor
41:40 Elite Ballista Elephant
44:29 Double Crossbow
Stormbringer
9:53 Feudal Age
12:52 Loom
22:52 Double-Bit Axe
22:51 Horse Collar
26:43 Castle Age
27:26 Wheelbarrow
26:37 Town Watch
27:33 Gold Mining
27:35 Stone Mining
29:29 Anarchy
29:28 Fletching
29:48 Forging
29:39 Scale Mail Armor
41:42 Imperial Age
40:26 Bow Saw
42:09 Heavy Plow
43:01 Hand Cart
44:23 Conscription
45:06 Iron Casting
44:46 Chain Mail Armor
45:15 Squires
49:08 Blast Furnace
Perejil
7:54 Loom
9:49 Feudal Age
14:37 Forging
14:19 Fletching
15:18 Horse Collar
19:16 Castle Age
18:03 Double-Bit Axe
18:00 Horse Collar
20:09 Bodkin Arrow
19:46 Crossbowman
25:38 Padded Archer Armor
26:51 Ballistics
27:51 Leather Archer Armor
28:20 Thumb Ring
31:07 Bow Saw
30:59 Heavy Plow
31:54 Wheelbarrow
34:22 Hand Cart
36:46 Imperial Age
34:31 Treadmill Crane
34:50 Pikeman
35:31 Squires
35:39 Gold Mining
35:53 Scale Mail Armor
36:04 Forging
37:11 Chain Mail Armor
38:03 Murder Holes
38:00 Arbalester
40:10 Halberdier
41:43 Bracer
47:19 Iron Casting
47:15 Plate Mail Armor
47:16 Ring Archer Armor
DostiL [CL]
11:03 Feudal Age
11:28 Loom
17:35 Castle Age
15:58 Double-Bit Axe
16:29 Horse Collar
18:52 Bow Saw
22:17 Wheelbarrow
25:06 Scale Barding Armor
25:49 Forging
26:40 Husbandry
26:51 Bloodlines
27:55 Hand Cart
27:53 Heavy Plow
29:39 Iron Casting
30:48 Chain Barding Armor
32:41 Gold Mining
36:30 Imperial Age
36:38 Imperial Age
34:43 Scale Mail Armor
35:22 Gold Shaft Mining
34:41 Stone Mining
36:08 Pikeman
36:48 Squires
38:08 Plate Barding Armor
38:33 Blast Furnace
36:58 Elite Steppe Lancer
38:35 Ballistics
37:56 Halberdier
40:37 Crop Rotation
41:36 Conscription
41:25 Silk Armor
41:35 Timurid Siegecraft
44:25 Timurid Siegecraft
45:55 Arson
Connection lost

Rejoining the realm…

Still unreachable

The connection could not be restored.

Session expired

The server has moved on; the page needs a fresh start.